Map: Tours du crépuscule

Players

Kas

  • Race: Terran Terran

Reynor - Winner!

  • Race: Zerg Zerg
  • League: Grandmaster

Event: NationWars III

VOD

Have the link to the VOD?

Description

Time

  • Played on: Nov. 19, 2015, 12:31 p.m.
  • Length: 10:53
Show
View Real Time Build Order
Export as new Build Order

Kas Terran 

Build Orders: Reaper Expand, Hellion Banshee, MMM Bio 

Get SALT Encoding   

  12  0:01  SCV  
  13  0:13  SCV  
  14  0:17  Supply Depot  
  14  0:26  SCV  
  15  0:39  SCV, Barracks  
  16  0:43  Refinery  
  16  0:51  SCV  
  17  1:03  SCV  
  18  1:15  SCV  
  19  1:27  Reaper, Orbital Command  
  20  1:44  Command Center  
  20  1:53  SCV  
  21  1:59  Reaper  
  21  2:01  Supply Depot  
  22  2:05  SCV  
  23  2:22  Command Center, SCV  
  24  2:36  SCV  
  25  2:40  Factory  
  25  2:41  Barracks Reactor  
  25  2:47  Refinery  
  25  2:48  SCV  
  26  3:00  SCV  
  27  3:08  Orbital Command  
  27  3:17  SCV  
  26  3:24  Starport  
  26  3:25  Barracks Tech Lab  
  26  3:29  SCV  
  26  3:30  Hellion  
  26  3:31  Hellion  
  26  3:34  SCV  
  32  3:35  Orbital Command  
  33  3:41  SCV  
  33  3:46  SCV  
  34  3:52  Hellion x2  
  34  3:53  SCV  
  34  3:55  Barracks Tech Lab  
  39  3:56  Orbital Command  
  39  3:58  SCV  
  40  4:05  SCV  
  40  4:06  Banshee, Cloaking Field  
  44  4:10  SCV  
  44  4:13  Hellion  
  44  4:14  Hellion  
  49  4:17  SCV, Marine  
  49  4:22  SCV  
  49  4:23  SCV  
  53  4:24  Barracks x2  
  53  4:29  SCV  
  53  4:31  Stimpack  
  54  4:34  SCV  
  54  4:35  Marine  
  56  4:40  SCV  
  57  4:52  SCV  
  57  4:57  SCV  
  57  4:59  Engineering Bay, Marine  
  59  5:00  Supply Depot, Engineering Bay  
  59  5:03  Supply Depot  
  59  5:05  Supply Depot  
  59  5:06  SCV  
  60  5:07  Banshee  
  60  5:09  Factory Reactor  
  60  5:11  SCV x2  
  65  5:14  Refinery  
  65  5:15  Refinery  
  65  5:16  Barracks Reactor  
  65  5:17  Marine  
  65  5:18  SCV  
  67  5:23  SCV  
  68  5:35  Terran Infantry Weapons Level 1  
  68  5:37  Missile Turret, Orbital Command  
  68  5:41  SCV x2  
  68  5:42  Marine x2  
  69  5:43  Marine  
  69  5:49  Terran Infantry Armor Level 1  
  68  5:51  Missile Turret  
  68  5:52  Barracks  
  68  5:53  Factory Reactor, Barracks  
  65  6:00  Marine  
  65  6:01  SCV, Marine x2  
  67  6:05  SCV x2  
  67  6:09  Marine  
  59  6:13  SCV  
  59  6:15  Missile Turret  
  59  6:17  SCV x2, Starport Reactor  
  62  6:19  Missile Turret, Marine x4  
  62  6:25  SCV  
  67  6:27  Armory, Marine  
  67  6:29  SCV  
  67  6:30  SCV  
  70  6:37  Marine x3  
  70  6:42  Marine  
  70  6:45  Marine x3  
  70  6:46  Marine  
  65  6:48  Widow Mine  
  65  6:49  Widow Mine  
  65  6:52  SCV  
  65  6:55  Combat Shields, Marine x3  
  65  6:59  Marine  
  67  7:03  Supply Depot, Marine x3  
  67  7:05  Missile Turret  
  67  7:07  Medivac  
  67  7:08  Medivac  
  72  7:13  Supply Depot  
  72  7:15  Supply Depot  
  72  7:16  Supply Depot  
  72  7:17  Widow Mine x2  
  76  7:29  Supply Depot  
  76  7:34  Marine x2  
  76  7:36  Marine x6  
  84  7:37  Medivac x2  
  84  7:41  Supply Depot  
  84  7:42  Supply Depot  
  88  7:46  Widow Mine x2  
  92  7:51  Supply Depot  
  92  7:52  Supply Depot, Marine x2  
  92  7:54  Terran Infantry Armor Level 2, Terran Infantry Weapons Level 2, Marine  
  95  8:00  Marine x3  
  95  8:01  Marine x2  
  100  8:10  Marine x2  
  100  8:12  Marine  
  103  8:18  Widow Mine, Marine x3  
  103  8:19  Marine x2, Widow Mine  
  112  8:28  Marine  
  112  8:29  Command Center  
  113  8:40  Marine x6  
  113  8:41  Marine  
  120  8:46  Supply Depot  
  120  8:49  Supply Depot, Marine  
  120  8:50  Widow Mine  
  123  8:58  Marine  
  119  9:15  Marine  
  111  9:18  Marine  
  111  9:20  Marine x3  
  110  9:27  Marine  
  110  9:29  Medivac x2  
  110  9:30  Widow Mine x2  
  119  9:33  Marine x3  
  119  9:36  Marine  
  119  9:37  Factory  
  119  9:38  Marine x3  
  122  9:45  Marine  
  125  9:51  SCV, Marine x3  
  129  9:54  Marine  
  129  9:56  Marine x3  
  127  10:02  Marine  
  127  10:07  Orbital Command  
  128  10:08  Marine  
  128  10:09  Marine  
  117  10:27  Marine  
  117  10:34  Marine x3  
  117  10:35  Marine  
Show
View Real Time Build Order
Export as new Build Order

Reynor Zerg - Winner!

Build Orders: Hatch First, Muta Ling Bane 

Get SALT Encoding   

  12  0:03  Drone  
  13  0:13  Overlord  
  13  0:19  Drone  
  14  0:25  Extractor  
  14  0:26  Drone  
  15  0:31  Drone  
  16  0:36  Drone  
  17  0:55  Hatchery  
  16  0:58  Drone  
  16  1:01  Drone  
  18  1:15  Spawning Pool  
  17  1:19  Drone  
  17  1:22  Drone, Extractor  
  18  1:31  Drone  
  19  1:40  Drone  
  20  1:51  Overlord  
  20  2:01  Queen  
  20  2:05  Zergling x2, Extractor  
  20  2:08  Queen  
  23  2:09  Zergling x2  
  23  2:12  Drone  
  27  2:19  Drone  
  27  2:22  Metabolic Boost  
  28  2:24  Drone  
  28  2:29  Drone  
  30  2:32  Spore Crawler  
  30  2:35  Drone  
  31  2:40  Overlord  
  31  2:45  Drone  
  31  2:47  Queen  
  34  2:52  Drone  
  35  3:05  Drone x2  
  35  3:06  Drone  
  35  3:12  Spine Crawler  
  36  3:13  Zergling x4  
  36  3:18  Lair, Drone x3  
  42  3:20  Overlord  
  42  3:22  Drone  
  43  3:30  Extractor  
  43  3:31  Drone, Extractor  
  43  3:33  Drone  
  43  3:40  Drone x2  
  45  3:44  Drone  
  45  3:47  Overlord  
  46  3:49  Drone x3  
  46  3:55  Drone x2  
  51  3:59  Hatchery  
  50  4:03  Overlord  
  50  4:06  Zergling x4  
  50  4:08  Drone  
  53  4:12  Zergling x2  
  54  4:18  Drone, Spire  
  54  4:22  Zergling x2  
  54  4:23  Extractor  
  54  4:26  Drone x2  
  54  4:27  Drone  
  54  4:29  Zergling x4  
  54  4:30  Drone  
  60  4:33  Overlord  
  58  4:57  Drone x4  
  58  4:58  Drone x4  
  65  5:08  Overlord  
  65  5:12  Queen  
  67  5:21  Overseer  
  67  5:23  Spore Crawler, Drone  
  67  5:25  Drone  
  67  5:26  Spore Crawler  
  67  5:27  Spore Crawler  
  59  5:37  Mutalisk  
  59  5:38  Mutalisk x6  
  59  5:39  Zergling x8  
  59  5:40  Zergling x4  
  78  5:45  Overseer  
  78  5:48  Mutalisk  
  80  5:52  Drone x2  
  80  5:56  Drone  
  80  5:57  Drone x2  
  84  6:01  Overlord  
  81  6:05  Zergling x4  
  81  6:06  Drone  
  81  6:07  Drone  
  81  6:09  Drone  
  84  6:14  Zergling x6  
  84  6:16  Zerg Flyer Weapons Level 1  
  87  6:21  Evolution Chamber, Drone  
  87  6:22  Evolution Chamber, Zergling x6  
  89  6:27  Zergling x4  
  89  6:32  Drone  
  91  6:45  Drone x4  
  92  6:48  Drone  
  92  6:49  Drone  
  92  6:50  Drone x2  
  92  6:52  Zerg Ground Armor Level 1, Zerg Melee Weapons Level 1  
  92  6:54  Drone  
  92  6:55  Baneling Nest  
  92  6:57  Mutalisk x2  
  96  7:01  Overlord  
  96  7:12  Drone  
  96  7:13  Extractor  
  96  7:15  Extractor  
  95  7:17  Hatchery  
  95  7:20  Mutalisk x3  
  100  7:25  Zergling x8  
  100  7:26  Zergling x2  
  100  7:28  Overlord  
  100  7:29  Overlord  
  105  7:37  Overlord  
  105  7:38  Centrifical Hooks  
  105  7:45  Overlord  
  105  7:47  Drone x4  
  105  7:48  Overlord  
  105  7:49  Drone x3  
  105  7:50  Zergling x2  
  113  7:51  Mutalisk  
  113  7:53  Baneling x4  
  113  7:54  Baneling x2  
  115  7:59  Mutalisk  
  115  8:02  Drone x2  
  119  8:06  Zergling x18  
  119  8:09  Spine Crawler  
  127  8:17  Zergling x6  
  130  8:22  Mutalisk, Zerg Flyer Armor Level 1  
  130  8:27  Mutalisk x2  
  132  8:29  Queen  
  132  8:31  Zergling x2  
  132  8:34  Pneumatized Carapace  
  139  8:38  Zergling x4  
  139  8:39  Zergling x8  
  145  8:43  Overlord  
  145  8:45  Baneling x3  
  145  8:46  Baneling x3  
  145  8:47  Baneling  
  145  8:48  Baneling x4  
  145  8:57  Baneling x3  
  145  9:03  Zergling x2  
  145  9:04  Zergling x12  
  145  9:07  Overlord  
  143  9:14  Mutalisk x3  
  139  9:18  Zergling x14  
  139  9:23  Zergling x2  
  144  9:24  Overlord  
  144  9:29  Mutalisk x3  
  148  9:36  Zergling x6  
  148  9:38  Drone  
  148  9:39  Baneling x5  
  148  9:44  Drone x2  
  149  9:49  Zergling x4  
  149  10:02  Baneling x7  
  149  10:03  Zergling x4  
  149  10:04  Zergling x12  
  157  10:07  Spine Crawler  
  157  10:08  Baneling x3  
  157  10:12  Zergling x4  
  157  10:13  Zergling x2  
  135  10:24  Overlord  
  135  10:25  Zergling x12  
Tags
 
Add a new tag
Caveats
  • Supply blocks, unpowered buildings, or Contaminate may cause inaccurate times.
  • Supply counts are checked every 10 seconds.